 Dungeon Crawl Stone Soup version 0.13.1-17-g0f9d4ff (webtiles) character file.

306 Chiseanne the Skirmisher (level 5, -1/33 HPs)
             Began as a Tengu Berserker on Dec 16, 2013.
             Was a Priest of Trog.
             Killed from afar by an orc wizard (5 damage)
             ... with a magic dart
             ... on Level 4 of the Dungeon.
             The game lasted 00:07:51 (3250 turns).

Chiseanne the Skirmisher (Tengu Berserker)          Turns: 3250, Time: 00:07:51

HP  -1/33        AC  6     Str 18      XL: 5   Next: 46%
MP   6/6         EV 14     Int  7      God: Trog [***...]
Gold 141         SH  0     Dex 14      Spells:  0 memorised,  4 levels left

Res.Fire  : . . .   See Invis. : .   a - +0 hand axe {=f}
Res.Cold  : . . .   Warding    : .   x - +0 robe {MR+}
Life Prot.: . . .   Conserve   : .   (no shield)
Res.Poison: .       Res.Corr.  : .   (helmet restricted)
Res.Elec. : .       Clarity    : .   q - +0 elf cloak
Sust.Abil.: . .     Spirit.Shd : .   (no gloves)
Res.Mut.  : .       Stasis     : .   (boots unavailable)
Res.Rott. : .       Flight     : .   g - amulet of rage
Saprovore : . . .                    (no ring)
                                     i - +3 ring of protection

@: regenerating, exhausted, slowed, very slow, very resistant to hostile
enchantments, fairly stealthy
A: able to fly, beak, talons 3
a: Fly, Burn Spellbooks, Berserk, Trog's Hand, Renounce Religion, Evoke Berserk
Rage


You were on level 4 of the Dungeon.
You worshipped Trog.
Trog was most pleased with you.
You were near starving.

You visited 1 branch of the dungeon, and saw 4 of its levels.

You collected 121 gold pieces.

Inventory:

Hand weapons
 a - a +0,+0 hand axe (weapon) {=f}
Armour
 q - a +0 elven cloak (worn)
 x - a +0 robe of magic resistance (worn)
Comestibles
 b - a meat ration
 c - 2 bread rations
 t - a choko
 z - 11 grapes
Scrolls
 d - a scroll of enchant weapon II {unknown}
 f - 8 scrolls of identify {unknown}
 h - a scroll of curse armour {unknown}
 k - 2 scrolls of amnesia {unknown}
 l - a scroll of noise {unknown}
 m - a scroll of remove curse {unknown}
 o - a scroll of blinking {unknown}
 p - a scroll of curse jewellery {unknown}
 r - a scroll of teleportation {unknown}
Jewellery
 g - an amulet of rage (around neck)
 i - a +3 ring of protection (left hand)
Potions
 e - a potion of restore abilities {unknown}
 j - 2 potions of curing {unknown}
 n - a potion of paralysis {unknown}
 s - a potion of heal wounds {unknown}
 u - a potion of cure mutation {unknown}
 v - a potion of mutation {unknown}
 w - a potion of might {unknown}
 A - a potion of degeneration {unknown}


   Skills:
 * Level 4.4 Fighting
 - Level 3.2 Axes
 * Level 3.0 Armour
 * Level 4.2 Dodging


You had 4 spell levels left.
You didn't know any spells.

Dungeon Overview and Level Annotations

Branches:
Dungeon (4/27)
 Temple: D:4-7

Altars:


Innate Abilities, Weirdness & Mutations

You can fly.
You have a beak for a mouth.
You have claws for feet.


Message History

The magic dart hits you!
* * * LOW HITPOINT WARNING * * *
The orc wizard casts a spell.
You feel troubled.
You hit the orc wizard but do no damage.
Your kick misses the orc wizard. Your peck misses the orc wizard.
The orc wizard is moderately wounded.
The orc wizard hits you with an orcish dagger.
* * * LOW HITPOINT WARNING * * *
The orc wizard hits you but does no damage.
You barely miss the orc wizard. Your kick misses the orc wizard.
Your peck misses the orc wizard.
The orc wizard is moderately wounded.
The orc wizard casts a spell at you. The puff of frost hits you!
One of your 2 fuming purple potions freezes and shatters!
* * * LOW HITPOINT WARNING * * *
The orc wizard casts a spell at you. The magic dart hits you!
You die...

#.................
#....(......######
#...........#
#...........#
#...........#
#...........#
#.).........#
#)..........#
#@8...8...8
#o..#...#.
#..###.## #... ..
#.8.. #...#.
#..###. #... #.8


You could see an orc wizard.

Vanquished Creatures
  An orc priest (D:4)
  A hound (D:3)
  An inept feature mimic (D:3)
  3 worms
  4 giant geckos
  2 oozes
  4 orcs
  4 bats
  3 giant cockroaches
  12 goblins
  9 hobgoblins
  4 kobolds
  4 ball pythons
  3 giant newts
  4 quokkas
  7 rats
66 creatures vanquished.

Notes
Turn   | Place    | Note
--------------------------------------------------------------
     0 | D:1      | Chiseanne, the Tengu Berserker, began the quest for the Orb.
     0 | D:1      | Reached XP level 1. HP: 14/14 MP: 0/0
   166 | D:1      | Reached XP level 2. HP: 10/19 MP: 2/2
   769 | D:2      | Acquired Trog's second power
   915 | D:2      | Reached XP level 3. HP: 21/24 MP: 3/3
  1978 | D:3      | Reached XP level 4. HP: 28/28 MP: 4/4
  2027 | D:3      | Reached skill level 4 in Fighting
  2503 | D:3      | Reached XP level 5. HP: 30/33 MP: 6/6
  3250 | D:4      | Killed from afar by an orc wizard

Action                   |  1- 3 |  4- 6 || total
-------------------------+-------+-------++-------
Melee: Hand axe          |   117 |    74 ||   191
Invok: Berserk           |       |     1 ||     1
       Trog's Hand       |       |     1 ||     1
 Stab: Sleeping          |       |     3 ||     3
